 Dungeon Crawl Stone Soup version 0.22.0 (webtiles) character file.

775 Nilihum the Poker (level 7, -2/55 HPs)
             Began as a Merfolk Skald on Aug 10, 2018.
             Was an Initiate of Okawaru.
             Killed from afar by an orc wizard (3 damage)
             ... with a magic dart
             ... on level 5 of the Dungeon.
             The game lasted 00:11:26 (5236 turns).

Nilihum the Poker (Merfolk Skald)                   Turns: 5236, Time: 00:11:28

Health: -2/55      AC:  4    Str: 11    XL:     7   Next: 84%
Magic:  4/12       EV: 14    Int: 15    God:    Okawaru [......]
Gold:   230        SH:  0    Dex: 13    Spells: 4/13 levels left

rFire    . . .     SeeInvis .   a - +1 spear
rCold    + . .     Gourm    .   (no shield)
rNeg     . . .     Faith    .   b - +0 leather armour
rPois    +         Spirit   .   (no helmet)
rElec    .         Reflect  .   (no cloak)
rCorr    .         Harm     .   c - +0 pair of gloves
MR       .....                  (no boots)
Stlth    +.........             h - amulet of the acrobat
HPRegen  0.18/turn              m - ring of protection from cold {rC+, !d}
MPRegen  0.13/turn              r - ring of poison resistance {rPois, !d}

@: confused, infused
A: change form in water, swift swim, stealthy swim
a: Renounce Religion


You were on level 5 of the Dungeon.
You worshipped Okawaru.
Okawaru was noncommittal.
You were not hungry.

You visited 2 branches of the dungeon, and saw 6 of its levels.

You collected 230 gold pieces.

Inventory:

Hand Weapons
 a - a +1 spear (weapon)
 i - a +1 dagger of venom
   (You took it off a kobold on level 1 of the Dungeon)
 v - a +2 hunting sling of flaming
   (You took it off a goblin on level 4 of the Dungeon)
Armour
 b - a +0 leather armour (worn)
 c - a +0 pair of gloves (worn)
   (You found it on level 1 of the Dungeon)
 f - a +0 robe of fire resistance
   (You took it off an orc wizard on level 3 of the Dungeon)
 t - a +0 helmet
   (You found it on level 4 of the Dungeon)
 w - a +2 helmet
   (You took it off Robin on level 4 of the Dungeon)
 y - a +0 helmet
   (You found it on level 4 of the Dungeon)
Jewellery
 h - an amulet of the acrobat (around neck)
   (You found it on level 1 of the Dungeon)
 m - a ring of protection from cold (left hand) {rC+, !d}
   (You found it on level 2 of the Dungeon)
 r - a ring of poison resistance (right hand) {rPois, !d}
   (You found it on level 2 of the Dungeon)
Scrolls
 l - 4 scrolls of identify
 q - a scroll of teleportation
 s - 3 scrolls of remove curse
 u - a scroll of fog {unknown}
Potions
 e - 3 potions of heal wounds {unknown}
 g - 2 potions of mutation {unknown}
 j - a potion of degeneration {unknown}
 n - 3 potions of haste {unknown}
 o - a potion of curing
 p - 4 potions of agility {unknown}
 x - a potion of brilliance {unknown}
Comestibles
 d - 9 rations


   Skills:
 + Level 4.6 Fighting
 + Level 6.2 Polearms
 - Level 0.6 Armour
 + Level 5.6 Dodging
 + Level 3.9 Spellcasting
 - Level 5.0 Charms


You had 4 spell levels left.
You knew the following spells:

 Your Spells              Type           Power        Failure   Level  Hunger
a - Infusion              Chrm           ###.         3%          1    None
r - Regeneration          Chrm/Necr      ##........   26%         3    ###....
s - Shroud of Golubria    Chrm/Tloc      ##........   13%         2    ##.....
z - Spectral Weapon       Hex/Chrm       ##......     26%         3    ###....

Your spell library contained the following spells:

 Spells                   Type           Power        Failure   Level  Hunger
 Song of Slaying          Chrm           ###.....     4%          2    ##.....


Dungeon Overview and Level Annotations

Branches:
Dungeon (5/15)             Temple (1/1) D:4

Altars:
Ashenzari
Cheibriados
Elyvilon
Fedhas
Kikubaaqudgha
Makhleb
Nemelex Xobeh
Okawaru
Qazlal
Ru
Sif Muna
Uskayaw
Vehumet
Wu Jian
Xom
Yredelemnul
Zin
The Shining One

Shops:
D:5 *!

Annotations:
D:4 Grinder


Message History

Okawaru accepts your kill.
You hear a splash. x2
Your legs become a tail as you enter the water.
Things that are here:
a shortbow; 27 arrows There isn't anything to butcher here.
There is an open door here.
Found a stone staircase leading down.
Health restored: 55 You see here 11 gold pieces.
A leopard gecko comes into view.
You found an alarm trap!
Unknown command.
A leopard gecko is nearby!
A leopard gecko is nearby!
You begin infusing your attacks with magical energy.
You now have 11/12 mp.
A centaur comes into view.
The centaur shouts!
The leopard gecko hisses angrily.
The centaur wields a shortbow.
The centaur shoots an arrow.
The arrow hits you!
You see here an arrow.
You take 8 damage, and have 47/55 hp.
The centaur shoots an arrow.
The arrow closely misses you.
The centaur shoots an arrow.
The arrow closely misses you.
You hear a shout! x2
You hit the leopard gecko.
The leopard gecko bites you but does no damage.
The centaur shoots an arrow.
The arrow completely misses you.
You hear a shout! x2
You now have 10/12 mp.
The orc wizard shouts!
The leopard gecko completely misses you.
The centaur shoots an arrow.
The arrow completely misses you. The leopard gecko closely misses you.
The centaur shoots an arrow.
The arrow hits you!
You see here an arrow.
You take 12 damage, and have 36/55 hp.
MASSIVE DAMAGE!!
You puncture the leopard gecko!
You kill the leopard gecko!
Okawaru accepts your kill.
The centaur shoots an arrow.
The arrow hits you!
You take 10 damage, and have 26/55 hp.
You now have 10/12 mp.
The centaur unwields an uncursed shortbow.
The centaur hits you.
Things that are here:
an arrow; a leopard gecko corpse You take 5 damage, and have 21/55 hp.
You hit the centaur. The centaur misses you. The centaur hits you.
You take 3 damage, and have 18/55 hp.
You now have 9/12 mp.
You hit the centaur. The centaur misses you.
You now have 8/12 mp.
You hit the centaur. The centaur barely misses you.
You now have 7/12 mp.
You draw out your weapon's spirit!
The centaur hits you!
* * * LOW HITPOINT WARNING * * *
The orc wizard hits you with a dagger.
* * * LOW HITPOINT WARNING * * *
You take 13 damage, and have 6/55 hp.
MASSIVE DAMAGE!!
You now have 4/12 mp.
Unknown command.
It was a potion of curing.
You feel better. The centaur hits you.
* * * LOW HITPOINT WARNING * * *
The orc wizard closely misses you.
An orc comes into view. It is wielding a short sword.
The centaur barely misses you.
You regained 4 hp, and now have 10/55 hp.
An orc wizard comes into view. It is wielding a dagger.
The orc throws a tomahawk.
The tomahawk hits your spectral weapon but does no damage.
You see here an arrow.
You barely miss the orc wizard.
Your spectral weapon misses the orc wizard.
The orc wizard hits you with a dagger.
* * * LOW HITPOINT WARNING * * *
You take 2 damage, and have 8/55 hp.
Unknown command.
Attack whom?
Aim: an orc wizard, wielding a dagger and wearing a robe You hit the orc wizard.
Your spectral weapon hits the orc wizard but does no damage.
The orc wizard barely misses your spectral weapon.
The orc wizard points at you and mumbles some strange words.
You are confused.
You now have 4/12 mp.
You bump into the rock wall.
The orc wizard hits your spectral weapon with a dagger.
The orc wizard casts a spell at you. The puff of flame hits you!
* * * LOW HITPOINT WARNING * * *
You take 8 damage, and have 1/55 hp.
Unknown command.
Unknown command.
You bump into the rock wall.
The orc wizard completely misses you.
You barely miss the orc wizard.
Something hits the orc wizard.
An orc comes into view. It is wielding a hand axe of flaming.
The orc wizard gestures at you while chanting.
The magic dart hits you!
You die...

############# #.
############....%#.....# #.
.$.................^...# #.##
############....((.....# #...
.######## #...........## # #...
........# #....(.......## . #...
≈.......# ######.......##.♣.#...
≈♣♣.....##########o.....#....#...
P≈≈.....'.......@oco......♣∩♣....
P♣≈.....###########o###...?......
≈≈≈≈....# .# ...♣..#.. ≈≈♣≈.####
.. #.....#.# P♣≈♣.## ... #....
#†# P≈≈♣..# ..o #.W.. #.# ≈P≈≈♣.#
.... ##.. #.. ≈≈≈♣♣.# #.. #..
≈≈≈♣≈.# #..


You could see a centaur, 2 orc wizards and 2 orcs.

Vanquished Creatures
  2 ogres (D:4)
  A centaur (D:5)
  A scorpion (D:5)
  A jelly (D:4)
  A crimson imp (D:3)
  A centaur zombie (D:5)
  A hound (D:4)
  An orc priest (D:3)
  2 orc wizards (D:3)
  Ijyb (D:3)
  2 worker ants
  2 hound skeletons
  Robin (D:4)
  4 adders
  A gnoll (D:1)
  A howler monkey skeleton (D:3)
  A shadow imp (D:5)
  An ooze (D:3)
  A worm (D:3)
  5 leopard geckos
  5 orcs (D:3)
  3 giant cockroaches
  13 goblins
  9 hobgoblins
  6 jackals
  2 quokkas (D:4)
  A ball python (D:2)
  A ball python skeleton (D:3)
  5 bats
  2 frilled lizards
  6 kobolds
  10 rats
94 creatures vanquished.

Vanquished Creatures (others)
  2 spectral weapons (D:4)
2 creatures vanquished.

Grand Total: 96 creatures vanquished

Notes
Turn   | Place    | Note
-------+----------+-------------------------------------------
     0 | D:1      | Nilihum the Merfolk Skald began the quest for the Orb.
     0 | D:1      | Reached XP level 1. HP: 16/16 MP: 3/3
    74 | D:1      | Reached XP level 2. HP: 13/23 MP: 0/5
   228 | D:1      | Reached skill level 3 in Dodging
   520 | D:1      | Reached XP level 3. HP: 28/28 MP: 6/6
  2056 | D:3      | Reached XP level 4. HP: 33/34 MP: 7/7
  2065 | D:3      | Learned a level 2 spell: Shroud of Golubria
  2069 | D:3      | Learned a level 3 spell: Regeneration
  2079 | D:3      | Reached skill level 3 in Fighting
  2079 | D:3      | Reached skill level 4 in Polearms
  2098 | D:3      | Reached skill level 4 in Charms
  2098 | D:3      | Reached XP level 5. HP: 21/41 MP: 2/9
  2113 | D:3      | Noticed Ijyb
  2114 | D:3      | Learned a level 3 spell: Spectral Weapon
  2205 | D:3      | Reached skill level 4 in Dodging
  2511 | D:3      | Nilihum: wisp
  2511 | D:3      | Nilihum: ??wisp
  2511 | D:3      | beem: insubstantial wisp[1/1]: Insubstantial wisps are like a screaming monkey on your windshield, It's unlikely to kill you directly But all you can see is the monkey
  2564 | D:3      | Killed Ijyb
  2610 | D:3      | Reached skill level 3 in Spellcasting
  2610 | D:3      | Reached XP level 6. HP: 44/47 MP: 6/10
  2982 | D:4      | Found a glowing golden altar of the Shining One.
  2987 | D:4      | Found a radiant altar of Vehumet.
  3329 | D:4      | Noticed Robin
  3333 | D:4      | Reached skill level 5 in Polearms
  3814 | D:4      | Noticed Grinder
  3886 | D:4      | Killed Robin
  3886 | D:4      | Reached skill level 4 in Fighting
  3886 | D:4      | Reached XP level 7. HP: 50/54 MP: 8/12
  4082 | D:4      | Reached skill level 5 in Dodging
  4163 | D:4      | Found a staircase to the Ecumenical Temple.
  4170 | Temple   | Entered the Ecumenical Temple
  4267 | Temple   | Became a worshipper of Warmaster Okawaru
  4523 | D:5      | Entered Level 5 of the Dungeon
  4561 | D:5      | Found Nyptaxul's Distillery.
  4706 | D:4      | Reached skill level 5 in Charms
  5118 | D:5      | Found Tushrefec's General Store.
  5133 | D:5      | Reached skill level 6 in Polearms
  5229 | D:5      | HP: 10/55 [centaur (9)]
  5234 | D:5      | HP: 1/55 [orc wizard/puff of flame (8)]
  5236 | D:5      | Killed from afar by an orc wizard

Skill      XL: |  1  2  3  4  5  6  7 |
---------------+----------------------+-----
Dodging        | 3 4 5 |  5.6
Fighting       | 3 4 |  4.6
Polearms       | 4 5 6 |  6.2
Charms         | 4 5 |  5.0
Spellcasting   | 3 |  3.9
Armour         | |  0.6

Action                   |  1- 3 |  4- 6 |  7- 9 || total
-------------------------+-------+-------+-------++-------
Melee: Spear             |   109 |   191 |   101 ||   401
 Cast: Infusion          |     7 |     4 |     3 ||    14
       Spectral Weapon   |       |     7 |     6 ||    13
  Use: Scroll            |       |     7 |       ||     7
       Potion            |       |       |     1 ||     1
 Stab: Sleeping          |     3 |       |       ||     3
  Eat: Chunk             |     4 |     7 |     1 ||    12
       Ration            |       |       |     1 ||     1
Armor: Leather armour    |    21 |    38 |     5 ||    64
Dodge: Dodged            |    69 |   142 |    59 ||   270

Vault maps used:
D:1:      saegor_arrival_simple_b, minmay_splitting_lines,
          hangedman_abyss_or_decor_lesser_grid, hangedman_decor_riveting,
          minmay_pentomino_z2
D:3:      serial_undead, serial_undead_c, serial_undead_b, serial_undead_b,
          serial_undead_f, eino_curves_03, uniq_ijyb
D:4:      chequers_temple_overflow_statue_of_worship, temple_statues,
          first_ration, minmay_bent, uniq_robin, uniq_grinder
D:5:      lemuel_coloured_pillars_altar, basic_altar, serial_shops, shop, shop,
          kennysheep_little_box, nicolae_shop_trees, shop, serial_bayou_lake_a
Temple:   lightli_temple_of_artemis

Table legend:
 A = Turns spent in this place as a percentage of turns spent in the entire game.
 B = Non-inter-level travel turns spent in this place as a percentage of non-inter-level travel turns spent in the entire game.
 C = Inter-level travel turns spent in this place as a percentage of turns spent in this place.
 D = Turns resting spent in this place as a percentage of non-inter-level travel turns spent in this place.
 E = Turns spent auto-exploring this place as a percentage of non-inter-level travel turns spent in this place.
 F = Non-inter-level travel turns spent in this place divided by the number of levels of this place that you've seen.
                   A       B       C       D       E      F
               +-------+-------+-------+-------+-------+----------------------
         Total | 100.0 | 100.0 |   1.9 |  40.8 |  38.4 | 856.0
       Dungeon |  97.9 |  97.9 |   2.0 |  41.7 |  37.8 | 1005.4
        Temple |   2.1 |   2.1 |   0.0 |   0.0 |  65.1 | 109.0
               +-------+-------+-------+-------+-------+----------------------

Table legend:
 A = Kills in this place as a percentage of kills in entire the game.
 B = Kills by you in this place as a percentage of kills by you in the entire game.
 C = Kills by friends in this place as a percentage of kills by friends in the entire game.
 D = Other kills in this place as a percentage of other kills in the entire game.
 E = Experience gained in this place as a percentage of experience gained in the entire game.
 F = Experience gained in this place divided by the number of levels of this place that you have seen.
                   A       B       C       D       E      F
               +-------+-------+-------+-------+-------+----------------------
         Total | 100.0 | 100.0 |   N/A |   N/A | 100.0 | 184.7
       Dungeon | 100.0 | 100.0 |   N/A |   N/A | 100.0 | 221.6
               +-------+-------+-------+-------+-------+----------------------
